AoeStats
← Captain Sukx

Oasis

509614632Analyzed
3v3 RM · 5d ago on Sep 27, 2026· 41m 47s· 6 players
Game mode
Random Map
Map size
Normal (6 player)
Population
200
Speed
Normal
Resources
Standard
Victory
Conquest
Starting age
Dark Age
Ending age
Imperial Age
RankedLock teamsTeams togetherTeam positionsShared explorationLock speedFull tech treeHidden civsTurbo modeCheats
Victory
Defeat
🇩🇪 Lithuanians · Germany
1151
+12
🇩🇪 Shu · Germany
1137
+12
🇩🇪 Malians · Germany
1002
+18
🇦🇺 Varangians · Australia
1077
-15
🇦🇺 Romans · Australia
1043
-14
🇦🇺 Byzantines · Australia
1020
-13
Da Rourkus
11:32 Feudal Age
11:47 Loom
17:02 Castle Age
16:26 Double-Bit Axe
22:02 Bow Saw
21:35 Horse Collar
26:22 Heavy Plow
27:02 Wheelbarrow
27:08 Gold Mining
30:34 Elite Skirmisher
32:06 Fortified Wall
36:08 Imperial Age
35:47 Forging
35:37 Scale Mail Armor
35:59 Squires
35:27 Pikeman
37:23 Gold Shaft Mining
36:40 Stone Mining
38:11 Crop Rotation
38:23 Iron Casting
38:03 Chain Mail Armor
38:57 Halberdier
39:53 Heavy Scorpion
42:10 Conscription
Screethan
5:34 Loom
10:29 Feudal Age
21:48 Castle Age
20:54 Double-Bit Axe
36:50 Wheelbarrow
FredeyTheStorm
11:53 Feudal Age
16:30 Castle Age
14:44 Double-Bit Axe
17:17 Forging
19:33 Scale Mail Armor
22:39 Wheelbarrow
22:56 Loom
23:28 Elite Skirmisher
25:14 Thumb Ring
25:32 Fletching
26:29 Padded Archer Armor
27:41 Ballistics
27:54 Pikeman
29:50 Squires
31:26 Bodkin Arrow
35:45 Hand Cart
35:50 Gold Mining
38:34 Chain Mail Armor
38:54 Iron Casting
40:54 Stone Mining
41:39 Gold Shaft Mining
43:50 Imperial Age
Captain Sukx
2:38 Loom
9:20 Feudal Age
9:59 Double-Bit Axe
14:03 Wheelbarrow
19:51 Castle Age
19:04 Scale Mail Armor
19:10 Scale Barding Armor
20:06 Bloodlines
20:42 Forging
22:25 Town Watch
23:29 Chain Barding Armor
25:34 Husbandry
29:49 Iron Casting
30:27 Bow Saw
29:59 Horse Collar
31:35 Town Patrol
37:48 Imperial Age
39:45 Elite Leitis
Zarquisio
7:00 Loom
9:22 Feudal Age
12:07 Double-Bit Axe
14:33 Horse Collar
18:15 Wheelbarrow
17:31 Fletching
21:46 Castle Age
21:07 Padded Archer Armor
21:00 Gold Mining
21:53 Crossbowman
22:35 Bodkin Arrow
24:42 Leather Archer Armor
27:15 Ballistics
29:04 Leather Archer Armor
31:30 Gold Shaft Mining
30:48 Stone Mining
31:19 Heavy Plow
32:27 Hand Cart
34:09 Town Watch
37:43 Imperial Age
35:56 Thumb Ring
37:46 Arbalester
38:27 Bracer
39:29 Chemistry
39:45 Bolt Magazine
41:55 Conscription
42:49 Ring Archer Armor
Rudolf
6:01 Loom
9:37 Feudal Age
10:04 Double-Bit Axe
12:19 Horse Collar
13:07 Gold Mining
15:13 Wheelbarrow
17:04 Town Watch
23:16 Castle Age
22:09 Forging
23:57 Stone Mining
24:23 Bow Saw
24:16 Heavy Plow
25:48 Stone Shaft Mining
25:10 Fletching
25:47 Scale Mail Armor
26:23 Iron Casting
26:43 Hand Cart
27:27 Chain Mail Armor
28:36 Ballistics
28:30 Masonry
29:11 Town Patrol
30:30 Gold Shaft Mining
36:03 Imperial Age
37:44 Plate Mail Armor
37:23 Elite Gbeto
39:05 Crop Rotation
39:08 Architecture
39:45 Chemistry
Connection lost

Rejoining the realm…

Still unreachable

The connection could not be restored.

Session expired

The server has moved on; the page needs a fresh start.